 Dungeon Crawl Stone Soup version 0.28-a0-1199-gef9e1dbd39 (webtiles) character file.

Game seed: 13398761909307882590

51 karrick the Sneak (level 3, -1/26 HPs)
             Began as a Gnoll Enchanter on Dec 20, 2021.
             Was an Initiate of Okawaru.
             Slain by a white imp (3 damage)
             ... on level 3 of the Dungeon.
             The game lasted 00:03:25 (2031 turns).

karrick the Sneak (Gnoll Enchanter)                 Turns: 2031, Time: 00:03:26

Health: -1/26      AC:  2    Str:  9    XL:     3   Next: 81%
Magic:  3/9        EV: 13    Int: 14    God:    Okawaru [......]
Gold:   126        SH:  0    Dex: 12    Spells: 6/12 levels left

rFire   . . .      SeeInvis .   a - +1 dagger
rCold   . . .      Faith    .   (no shield)
rNeg    . . .      Spirit   .   b - +0 robe
rPois   .          Reflect  .   (no helmet)
rElec   .          Harm     .   (no cloak)
rCorr   .          Rampage  .   (no gloves)
Will    .....                   (no boots)
Stlth   +++.......              (no amulet)
HPRegen 0.08/turn               (no ring)
MPRegen 0.11/turn               (no ring)

@: confusing by touch, very slightly contaminated
A: fangs 1, strong nose, distributed training
a: Renounce Religion


You were on level 3 of the Dungeon.
You worshipped Okawaru.
Okawaru was noncommittal.
You visited 1 branch of the dungeon, and saw 3 of its levels.

You collected 126 gold pieces.

Inventory:

Hand Weapons
 a - a +1 dagger (weapon)
Armour
 b - a +0 robe (worn)
Jewellery
 e - an amulet of guardian spirit
Scrolls
 d - a scroll of noise {unknown}
 g - a scroll of identify {unknown}
Potions
 c - a potion of invisibility
 f - a potion of degeneration {unknown}
 h - a potion of brilliance {unknown}


   Skills:
 + Level 1.0 Fighting
 + Level 2.6 Short Blades
 + Level 1.0 Long Blades
 + Level 1.0 Axes
 + Level 1.0 Maces & Flails
 + Level 1.0 Polearms
 + Level 1.0 Staves
 + Level 1.0 Slings
 + Level 1.0 Bows
 + Level 1.0 Crossbows
 + Level 1.0 Throwing
 + Level 1.0 Armour
 + Level 4.6 Dodging
 + Level 6.0 Stealth
 + Level 1.0 Shields
 + Level 1.0 Unarmed Combat
 + Level 5.0 Spellcasting
 + Level 0.7 Conjurations
 + Level 5.4 Hexes
 + Level 0.7 Summonings
 + Level 0.7 Necromancy
 + Level 0.7 Translocations
 + Level 0.7 Transmutations
 + Level 0.7 Fire Magic
 + Level 0.7 Ice Magic
 + Level 0.7 Air Magic
 + Level 0.7 Earth Magic
 + Level 0.7 Poison Magic
 + Level 1.0 Invocations
 + Level 1.0 Evocations


You had 6 spell levels left.
You knew the following spells:

 Your Spells              Type           Power      Damage    Failure   Level
a - Confusing Touch       Hex            18%        N/A       5%          3
b - Tukima's Dance        Hex            18%        N/A       5%          3

Your spell library contained the following spells:

 Spells                   Type           Power      Damage    Failure   Level
 Ensorcelled Hibernation  Hex/Ice        24%        N/A       8%          2
 Dazzling Flash           Conj/Hex       24%        N/A       14%         3
 Passwall                 Tmut/Erth      4%         N/A       21%         2
 Swiftness                Air            5%         N/A       36%         3


Dungeon Overview and Level Annotations

Branches:
Dungeon (3/15)

Altars:
Kikubaaqudgha
Okawaru

Shops:
D:1 !?!?(

Annotations:
D:2 Natasha, Sigmund


Innate Abilities, Weirdness & Mutations

You have very sharp teeth.
Your uncanny sense of smell can sniff out nearby items.
Your experience applies equally to all skills.


Message History

Your Armour skill increases to level 1!
Your Shields skill increases to level 1!
Your Unarmed Combat skill increases to level 1!
Your Evocations skill increases to level 1!
Unknown command.
You see here a dart slug corpse.
Found a stone staircase leading up.
Found 14 gold pieces.
You now have 126 gold pieces (gained 14).
A white imp comes into view.
The white imp shouts!
The white imp gestures at you. The puff of frost hits you!
Casting: Confusing Touch (quite dangerous; 5% risk of failure)
Confirm with . or Enter, or press ? or * to list all spells.
The spell is quite dangerous to miscast (5% risk of failure)!
Continue anyway? [Y]es or [N]o only, please.
The spell is quite dangerous to miscast (5% risk of failure)!
Continue anyway?
You miscast Confusing Touch.
You are very lightly contaminated with residual magic.
Nothing appears to happen.
The white imp closely misses you.
You barely miss the white imp. The white imp hits you.
The white imp freezes you.
You are too injured to fight recklessly!
Casting: Confusing Touch (quite dangerous; 5% risk of failure)
Confirm with . or Enter, or press ? or * to list all spells.
The spell is quite dangerous to miscast (5% risk of failure)!
Continue anyway? [Y]es or [N]o only, please.
The spell is quite dangerous to miscast (5% risk of failure)!
Continue anyway?
Your hands begin to glow red.
The white imp gestures at you. The puff of frost hits you!
* * * LOW HITPOINT WARNING * * *
You are too injured to fight recklessly!
You are too injured to fight recklessly!
You hit the white imp but do no damage. The white imp hits you.
* * * LOW HITPOINT WARNING * * *
The white imp freezes you.
You die...

#...###.######.###.
#...###.# #.....
#.....#.# ###.##
#.....#.. ...##
#.....### ###^.
#...### ##.# #...#
.. ##.## #. #@# .
#5# . ..# . ##.# .
..# . ### .


s You could see a white imp.

Vanquished Creatures
  An adder (D:2)
  4 dart slugs
  An orc (D:3)
  3 endoplasms
  A giant cockroach (D:3)
  4 goblins
  2 hobgoblins (D:1)
  4 kobolds
  2 quokkas
  5 ball pythons
  2 bats (D:1)
  A rat (D:1)
30 creatures vanquished.

Notes
Turn   | Place    | Note
-------+----------+-------------------------------------------
     0 | D:1      | karrick the Gnoll Enchanter began the quest for the Orb.
     0 | D:1      | Reached XP level 1. HP: 13/13 MP: 6/6
    22 | D:1      | Found Hastilarphon's Distillery.
   159 | D:1      | Found Taviag's Magic Scroll Shoppe.
   441 | D:1      | Reached XP level 2. HP: 19/19 MP: 7/7
   504 | D:1      | Found Apadoemn's Magic Scroll Emporium.
   680 | D:1      | Found Amomofum's Antique Weapon Shoppe.
  1056 | D:1      | Reached XP level 3. HP: 24/25 MP: 9/9
  1083 | D:1      | Found a faded altar of an unknown god.
  1177 | D:2      | Noticed Sigmund
  1181 | D:2      | Noticed Natasha
  1188 | D:1      | Reached skill level 5 in Spellcasting
  1199 | D:1      | Learned a level 3 spell: Confusing Touch
  1203 | D:1      | Learned a level 3 spell: Tukima's Dance
  1354 | D:2      | Reached skill level 6 in Stealth
  1354 | D:2      | Reached skill level 1 in Invocations
  1590 | D:3      | Found an iron altar of Okawaru.
  1590 | D:3      | Found an ancient bone altar of Kikubaaqudgha.
  1594 | D:3      | Became a worshipper of Warmaster Okawaru
  1924 | D:3      | Noticed a scorpion
  1931 | D:3      | Reached skill level 1 in Fighting
  1931 | D:3      | Reached skill level 1 in Long Blades
  1931 | D:3      | Reached skill level 1 in Axes
  1931 | D:3      | Reached skill level 1 in Maces & Flails
  1931 | D:3      | Reached skill level 1 in Polearms
  1931 | D:3      | Reached skill level 1 in Staves
  1931 | D:3      | Reached skill level 1 in Slings
  1931 | D:3      | Reached skill level 1 in Bows
  1931 | D:3      | Reached skill level 1 in Crossbows
  1931 | D:3      | Reached skill level 1 in Throwing
  1931 | D:3      | Reached skill level 1 in Armour
  1931 | D:3      | Reached skill level 1 in Shields
  1931 | D:3      | Reached skill level 1 in Unarmed Combat
  1931 | D:3      | Reached skill level 1 in Evocations
  2031 | D:3      | Slain by a white imp

Illustrated notes

Levels and vault maps discovered:
D:1:      dpeg_arrival_tiny_a, layout_basic, serial_shops, shop,
          nicolae_shop_crystal, nicolae_shop_hallway_stairs, shop, shop,
          nicolae_ecumenical_snake_handling
D:2:      layout_rooms, serial_rivers, chequers_serial_rivers_room_b,
          chequers_serial_rivers_micro_c, chequers_serial_rivers_small_a,
          chequers_serial_rivers_small_b, chequers_serial_rivers_micro_d,
          patterned_corridor, uniq_natasha, uniq_sigmund,
          uniq_crazy_yiuf_cottage
D:3:      layout_loops_ring, mainiacjoe_overflow_large_starburst,
          kennysheep_pointless_box, dk_noncrumbling_3, st_stairs_5,
          minmay_misc_feat_enclosed, chequers_serial_rivers_room_a

Skill      XL: |  1  2  3 |
---------------+----------+-----
Spellcasting   | 5 |  5.0
Stealth        | 6 |  6.0
Invocations    | 1 |  1.0
Fighting       | 1 |  1.0
Long Blades    | 1 |  1.0
Axes           | 1 |  1.0
Maces & Flails | 1 |  1.0
Polearms       | 1 |  1.0
Staves         | 1 |  1.0
Slings         | 1 |  1.0
Bows           | 1 |  1.0
Crossbows      | 1 |  1.0
Throwing       | 1 |  1.0
Armour         | 1 |  1.0
Shields        | 1 |  1.0
Unarmed Combat | 1 |  1.0
Evocations     | 1 |  1.0
Short Blades   | |  2.6
Dodging        | |  4.6
Conjurations   | |  0.7
Hexes          | |  5.4
Summonings     | |  0.7
Necromancy     | |  0.7
Translocations | |  0.7
Transmutations | |  0.7
Fire Magic     | |  0.7
Ice Magic      | |  0.7
Air Magic      | |  0.7
Earth Magic    | |  0.7
Poison Magic   | |  0.7

Action                   || total
-------------------------++-------
Melee: Dagger            ||   138
       Bite              ||    13
 Cast: Confusing Touch   ||     3
 Stab: Sleeping          ||     8
       Confused          ||     1
Armor: Robe              ||    21
Dodge: Dodged            ||    77

Table legend: (Time is in decaauts)
 A = Elapsed time spent in this place.
 B = Non-inter-level travel time spent in this place.
 C = Inter-level travel time spent in this place.
 D = Time resting spent in this place.
 E = Time spent auto-exploring this place.
 F = Levels seen in this place.
 G = Mean time per level.
                   A        B        C        D        E       F      G
               +--------+--------+--------+--------+--------+-----+--------+
         Total |   2015 |   1896 |    119 |      0 |   1461 |   3 |  671.7 |
       Dungeon |   2015 |   1896 |    119 |      0 |   1461 |   3 |  671.7 |
               +--------+--------+--------+--------+--------+-----+--------+

Top non-repeatable levels by time:
     D:1: 1272 daAuts
     D:3: 664 daAuts
     D:2: 78 daAuts
